 Dungeon Crawl Stone Soup version 0.20-a0-1122-gb7cbeb9 (webtiles) character file.

966 potatolord6000 the Covered (level 7, 0/64 HPs)
             Began as a Minotaur Fighter on May 11, 2017.
             Was an Initiate of Gozag.
             Slain by a wight
             ... wielding a +0 short sword
              (1 damage)
             ... on level 6 of the Dungeon.
             The game lasted 00:06:04 (1685 turns).

potatolord6000 the Covered (Minotaur Fighter)       Turns: 1685, Time: 00:06:05

Health: 0/64       AC:  7    Str: 22    XL:     7   Next: 93%
Magic:  6/6        EV:  7    Int:  5    God:    Gozag
Gold:   57         SH: 10    Dex: 10    Spells: 6/6 levels left

rFire    . . .     SeeInvis .   a - +0 war axe
rCold    . . .     Gourm    .   c - +0 shield
rNeg     . . .     Faith    .   b - +0 scale mail
rPois    .         Spirit   .   (helmet restricted)
rElec    .         Reflect  .   (no cloak)
rCorr    .         Harm     .   (no gloves)
MR       .....                  (no boots)
Stlth    ..........             (no amulet)
Regen    0.2/turn               (no ring)
MPRegen  0.1/turn               (no ring)

@: lethally poisoned (0 -> -2), gold aura, drained
A: retaliatory headbutt, horns 2
a: Potion Petition, Call Merchant, Bribe Branch, Renounce Religion


You were on level 6 of the Dungeon.
You worshipped Gozag.
Gozag was noncommittal.
You were very full.

You visited 2 branches of the dungeon, and saw 7 of its levels.

You collected 111 gold pieces.
You paid 54 gold pieces to Gozag.

Inventory:

Hand Weapons
 a - a +0 war axe (weapon)
Armour
 b - a +0 scale mail (worn)
 c - a +0 shield (worn)
Jewellery
 k - the amulet of Ebricos {Spirit rF+ rC- Dex+3, unknown}
   (You took it off an orc wizard on level 5 of the Dungeon)

   [amulet of guardian spirit]

   It causes incoming damage to be split between your health and magic.
   It affects your dexterity (+3).
   It protects you from fire.
   It makes you vulnerable to cold.
Scrolls
 d - a scroll of identify {unknown}
 e - 2 scrolls of remove curse {unknown}
 h - 3 scrolls of magic mapping {unknown}
 i - a scroll of enchant armour {unknown}
 l - a scroll of teleportation {unknown}
Potions
 j - 2 potions of curing {unknown}
Comestibles
 g - 2 royal jellies


   Skills:
 + Level 6.6(5.5) Fighting
 + Level 6.0(4.9) Axes
 + Level 6.6(5.5) Armour
 + Level 6.4(5.3) Shields


You had 6 spell levels left.
You didn't know any spells.

Dungeon Overview and Level Annotations

Branches:
Dungeon (6/15)             Temple (1/1) D:5

Altars:
Gozag
Kikubaaqudgha
Ru
Trog
Uskayaw
Vehumet


Innate Abilities, Weirdness & Mutations

You reflexively headbutt those who attack you in melee.
You have a pair of horns on your head.


Message History

Your base Axes skill increases to level 6!
You closely miss the wight. x2; You barely miss the wight.
You feel sick.
The wight is distracted by the nearby gold.
The wight hits you with an enchanted dire flail.
* * * LOW HITPOINT WARNING * * *
You feel drained.
* * * LOW HITPOINT WARNING * * *
You block the wight's attack.
You hit the wight but do no damage.
The wight is lightly damaged.
You barely miss the wight.
The wight is no longer distracted by gold.
You hit the wight.
You feel sick.
The wight hits you with an enchanted dire flail!
* * * LOW HITPOINT WARNING * * *
The wight hits you with a short sword!
* * * LOW HITPOINT WARNING * * *
You feel drained.
You die...
Your body crumbles into a pile of gold.

#### #.. #
#####.#.#
##...z<..###.
#...z@$.......
#..).z$.......
#.............
############..
.


You could see 3 wights.

Vanquished Creatures
  A hippogriff (D:5)
  Menkaure (D:5)
  Duvessa (D:5)
  A phantom (D:5)
  An ogre (D:5)
  Dowan (D:5)
  A wight (D:6)
  A crimson imp (D:5)
  An orc wizard (D:5)
  An orc priest (D:3)
  An iguana (D:5)
  2 worker ants
  Robin (D:2)
  7 adders
  A worm (D:4)
  2 dart slugs
  A leopard gecko (D:5)
  7 orcs
  4 giant cockroaches
  2 hobgoblins
  2 quokkas
  A bat (D:3)
  16 goblins
  A leopard gecko zombie (D:5)
  A quokka zombie (D:5)
59 creatures vanquished.

Notes
Turn   | Place    | Note
-------+----------+-------------------------------------------
     0 | D:1      | potatolord6000 the Minotaur Fighter began the quest for the Orb.
     0 | D:1      | Reached XP level 1. HP: 19/19 MP: 0/0
   165 | D:2      | Noticed Robin
   171 | D:2      | Reached XP level 2. HP: 18/27 MP: 1/1
   176 | D:2      | Killed Robin
   181 | D:2      | Reached XP level 3. HP: 21/33 MP: 2/2
   366 | D:3      | Reached XP level 4. HP: 41/41 MP: 3/3
   642 | D:5      | Entered Level 5 of the Dungeon
   642 | D:5      | Noticed an ogre
   642 | D:5      | Noticed a hippogriff
   647 | D:5      | Killed an ogre
   647 | D:5      | Reached skill level 5 in Fighting
   647 | D:5      | Reached XP level 5. HP: 25/48 MP: 4/4
   653 | D:5      | Killed a hippogriff
   653 | D:5      | Reached skill level 5 in Axes
   653 | D:5      | Reached skill level 5 in Armour
   653 | D:5      | Reached skill level 5 in Shields
   653 | D:5      | Reached XP level 6. HP: 10/56 MP: 5/5
   980 | D:5      | Found a hide-covered altar of Uskayaw.
   993 | D:5      | Reached XP level 7. HP: 54/62 MP: 6/6
  1001 | D:5      | Got a faintly glowing brass amulet
  1011 | D:5      | Found a staircase to the Ecumenical Temple.
  1044 | Temple   | Entered the Ecumenical Temple
  1078 | Temple   | Became a worshipper of Gozag Ym Sagoz the Greedy
  1183 | D:5      | Noticed Menkaure
  1190 | D:5      | Killed Menkaure
  1381 | D:5      | Noticed Duvessa
  1381 | D:5      | Noticed Dowan
  1386 | D:5      | Killed Duvessa
  1400 | D:5      | Killed Dowan
  1685 | D:6      | HP: 1/64 [wight/short sword (7)]
  1685 | D:6      | Slain by a wight

Vault maps used:
D:1:      dpeg_arrival_line_fractal
D:2:      serial_bayou_pond_c, minmay_misc_feat_encased, uniq_robin,
          uniq_natasha
D:3:      kennysheep_the_goblin_king, first_bread, corexii_hall_statues_u,
          dk_noncrumbling_4
D:5:      lemuel_doored_altar, minmay_temple_entry_mist, uniq_sigmund,
          uniq_duvessa, uniq_menkaure
Temple:   roderic_octagonal_lattice_temple

Skill      XL: |  1  2  3  4  5  6  7 |
---------------+----------------------+-----
Fighting       | 4 5 6 |  6.6
Armour         | 4 5 6 |  6.6
Axes           | 3 4 5 6 |  6.0
Shields        | 4 5 6 |  6.4

Action                   |  1- 3 |  4- 6 |  7- 9 || total
-------------------------+-------+-------+-------++-------
Melee: War axe           |    36 |    49 |    48 ||   133
       Headbutt          |     3 |    14 |     7 ||    24
  Use: Potion            |     1 |     1 |     1 ||     3
  Eat: Bread ration      |     1 |       |     1 ||     2
Armor: Scale mail        |    13 |    31 |    11 ||    55
Dodge: Dodged            |     8 |    21 |    19 ||    48
Block: Shield            |    18 |    34 |    38 ||    90
